 Dungeon Crawl Stone Soup version 0.31-a0-564-g3b7de120b3 (webtiles) character file.

Game seed: 17792137524083751198

4293 ytrimaz the Mimic (level 10, -4/58 HPs)
             Began as an Octopode Shapeshifter on Aug 18, 2023.
             Was an Initiate of Ashenzari.
             Slain by a hornet (15 damage)
             ... while paralysed by a hornet
             ... on level 8 of the Dungeon.
             The game lasted 00:07:16 (7077 turns).

ytrimaz the Mimic (Octopode Shapeshifter)           Turns: 7077, Time: 00:07:16

Health: -4/58      AC:  5    Str: 15    XL:     10   Next: 32%
Magic:  10/10      EV:  2    Int: 11    God:    Ashenzari [......]
Gold:   309        SH:  0    Dex: 16    Spells: 9/9 levels left

rFire   . .          .
                       - Unarmed
rCold   . . .        (no shield)
rNeg    . . .        (helmet currently unavailable)
rPois   .            (no amulet)
rElec   .            g - ring "Prison of Ashenzari" {EV+5, Dev, Melee} (curse)
rCorr   .            h - +4 ring of protection
SInv    .            (no ring)
Will    .....        (no ring)
Stlth   ++           (no ring)
HPRegen 0.29/turn    (no ring)
MPRegen 0.12/turn    (no ring)
                     (no ring)

%: no passive effects
@: paralysed, beast-form, slowed
A: beast (slay +4), almost no armour, amphibious, 8 rings, camouflage 1,
gelatinous body 1, (nimble swimmer 1), tentacles
a: Begin Untransformation, Renounce Religion, Curse Item, Shatter the Chains


You were on level 8 of the Dungeon.
You worshipped Ashenzari.
Ashenzari was noncommittal.
You were a hulking beast.
You visited 2 branches of the dungeon, and saw 9 of its levels.
You also visited: Sewer.

You collected 309 gold pieces.


Innate Abilities, Weirdness & Mutations

You are a hulking beast.
Your limbs bulge with bestial killing power. (Slay +4)
You cannot wear most types of armour.
You are amphibious.
You can wear up to eight rings at the same time.
Your skin changes colour to match your surroundings (Stealth+).
Your rubbery body absorbs attacks. (AC +1, EV +1)
((You are camouflaged when in or above water. (Stealth+)))
You have tentacles for arms and can constrict up to eight enemies at once.


   Skills:
 - Level 1.0 Fighting
 + Level 7.6 Dodging
 + Level 8.0(8.4) Unarmed Combat
 * Level 9.3(9.8) Shapeshifting


You had 9 spell levels left.
You didn't know any spells.
Your spell library contained the following spells:

 Spells                   Type           Power      Damage    Failure   Level
 Magic Dart               Conj           0%         1d3       34%         1
 Call Imp                 Summ           0%         N/A       47%         2
 Poisonous Vapours        Pois/Air       0%         N/A       47%         2
 Wereblood                Tmut           0%         N/A       47%         2
 Mephitic Cloud           Conj/Pois/Air  0%         N/A       71%         3
 Freezing Cloud           Conj/Ice/Air   0%         6-21      100%        5
 Silence                  Hex/Air        0%         N/A       100%        5
 Eringya's Noxious Bog    Tmut/Pois      0%         4d6       100%        6

Inventory:

Jewellery
 g - the cursed ring "Prison of Ashenzari" (left tentacle) {EV+5, Dev, Melee}
   (You found it on level 1 of the Dungeon)

   [ring of evasion]

   EV+5:      It affects your evasion (+5).
   It has a curse which improves the following skills: Devices: Evocations and
   Shapeshifting.
   Melee Combat: Short Blades, Long Blades, Axes, Maces & Flails, Polearms,
   Staves and Unarmed Combat.
 h - a +4 ring of protection (right tentacle)
   (You found it on level 3 of the Dungeon)
 o - a ring of ice
   (You found it on level 3 of the Dungeon)
Talismans
 b - a beast talisman (active)
 c - a flux talisman
Wands
 t - a wand of flame (21) (quivered)
   (You took it off a goblin on level 6 of the Dungeon)
 u - a wand of iceblast (3)
   (You took it off Maggie on level 7 of the Dungeon)
Scrolls
 e - a scroll of brand weapon
 k - 2 scrolls of amnesia
 m - 2 scrolls of noise
 n - 2 scrolls of enchant weapon
 p - 2 scrolls of enchant armour
 q - a scroll of blinking
 s - a scroll of revelation {unknown}
Potions
 a - a potion of ambrosia {unknown}
 d - a potion of invisibility {unknown}
 f - a potion of enlightenment
 i - 2 potions of attraction {unknown}
 j - 4 potions of heal wounds
 l - 4 potions of brilliance {unknown}
 r - a potion of mutation {unknown}

Dungeon Overview and Level Annotations

Branches:
Dungeon (8/15) Zot: 25941  Temple (1/1) D:5 Zot: 5915   Sewer (visited)
   Lair: D:8-11

Altars:
Ashenzari
Cheibriados
Dithmenos
Elyvilon
Gozag
Hepliaklqana
Makhleb
Nemelex Xobeh
Okawaru
Qazlal
Ru
Trog
Uskayaw
Vehumet
Wu Jian
Xom
Zin

Annotations:
D:8 exclusion: 2 doors

############
#..........#
#.########.# #.#
####.##
############.#
#....[.
......yh..##.#
#.##.##
#########.##.# #.##.#
.# #.##.# #.##.# .#
#.##.# #>##.# .#
#.##.#####.##.# .#
#######.#.....>.....#
#.#
#..(.....#.......####
#.#
#..##.#.###.######
##.###..##..##
##....##


You could see a hornet.


Message History

Done waiting.
You close the door.
Press: ? - help, v - describe, . - travel A closed door.
Placed new exclusion.
Reduced exclusion size to a single square.
A sky beast comes into view.
A sky beast is nearby!
A sky beast is nearby!
You barely miss the sky beast. You squeeze the sky beast!
The sky beast barely misses you.
You bludgeon the sky beast! You squeeze the sky beast.
You kill the sky beast!
No target in view!
Unknown command.
You see here a sky beast corpse.
No target in view!
You see here a sky beast corpse.
Key pressed, stopping explore.
A killer bee comes into view.
A killer bee is nearby!
A killer bee is nearby!
The helpless killer bee fails to defend itself.
You batter the killer bee!!
You kill the killer bee!
A killer bee comes into view.
Unknown command.
The helpless killer bee fails to defend itself.
You bludgeon the killer bee!
You kill the killer bee!
Your Unarmed Combat skill increases to level 8!
No target in view!
A killer bee comes into view.
Unknown command.
A killer bee is nearby!
The helpless killer bee fails to defend itself.
You tentacle-slap the killer bee. Your grab misses the killer bee.
The killer bee misses you. The killer bee completely misses you.
A killer bee is nearby!
You barely miss the killer bee. Your grab misses the killer bee.
Your tentacle-slap misses the killer bee.
The killer bee stings you. 😕 HP[-6]
You take 6 damage, and now have 52/58 hp.
You tentacle-slap the killer bee. Your grab misses the killer bee.
The killer bee closely misses you. x2
Unknown command.
You tentacle-slap the killer bee.
You kill the killer bee!
No target in view!
You see here a killer bee corpse. 😕 HP[+1] No target in view!
Unknown command.
Found a stone staircase leading up. 😎 HP[+5]
Your hp is fully restored (58).
There is a stone staircase leading up here.
Key pressed, stopping explore.
There is a stone staircase leading up here.
Key pressed, stopping explore.
No target in view!
There is a stone staircase leading up here.
Key pressed, stopping explore.
Key pressed, stopping explore.
Key pressed, stopping explore.
Key pressed, stopping explore.
You see here a +0 spear of venom.
You now have 309 gold pieces (gained 10).
Key pressed, stopping explore.
Key pressed, stopping explore.
A hornet comes into view.
The hornet buzzes angrily.
A hornet is nearby!
A hornet is nearby!
You bludgeon the hornet! Your grab misses the hornet.
Your squeeze misses the hornet. The hornet stings you!
You feel yourself slow down. 😕 HP[-14]
You take 14 damage, and now have 44/58 hp.
MASSIVE DAMAGE!! (PAUSE)
You barely miss the hornet. Your grab misses the hornet.
You feel yourself speed up. The hornet completely misses you. x2
You barely miss the hornet. You grab the hornet.
You squeeze the hornet, but do no damage.
You constrict the hornet. The hornet completely misses you.
Unknown command.
You bludgeon the hornet! You constrict the hornet. The hornet stings you.
You suddenly lose the ability to move!
You lose your grip on the hornet.
The hornet stings you.
You feel yourself slow down. The hornet stings you!
* * * LOW HITPOINT WARNING * * *
You shrug off the repeated paralysis!
The hornet barely misses you. The hornet stings you!
* * * LOW HITPOINT WARNING * * *
You feel as though you will be slow longer.
The hornet stings you!
You die...

Skill      XL: |  1  2  3  4  5  6  7  8  9 10 |
---------------+-------------------------------+-----
Dodging        | 3 4 5 7 |  7.6
Unarmed Combat | 4 5 6 7 8 |  8.0
Shapeshifting  | 4 5 6 7 8 9 |  9.3
Fighting       | |  1.0

Action                     |  1- 3 |  4- 6 |  7- 9 | 10-12 || total
---------------------------+-------+-------+-------+-------++-------
  Melee: Unarmed           |    75 |    86 |   257 |    71 ||   489
         Tentacles         |    12 |    12 |    54 |    12 ||    90
         Constrict         |    20 |    16 |    50 |    15 ||   101
         Punch             |     1 |     3 |    10 |       ||    14
 Invoke: Curse Item        |       |       |     1 |       ||     1
  Evoke: Wand              |       |       |    13 |       ||    13
    Use: Potion            |       |     2 |     2 |     2 ||     6
         Scroll            |       |     1 |    10 |       ||    11
   Stab: Sleeping          |    10 |    11 |     4 |     4 ||    29
         Distracted        |       |       |     1 |     1 ||     2
 Armour: Skin              |     2 |    28 |    66 |    12 ||   108
  Dodge: Dodged            |    37 |    94 |   206 |    53 ||   390

Levels and vault maps discovered:
D:1:      scummos_arrival_simple_fountains, layout_loops_corners,
          hellmonk_ecumenical_altar_zigzags
D:2:      layout_basic
D:3:      layout_loops_ring, gup_sewer_entry_glass, grunt_decor_one_mirror,
          uniq_terence, uniq_sigmund
D:4:      layout_cave_pools, serial_column_ruins, column_ruins_hut_ruined,
          column_ruins_hut, column_ruins_grid_2, column_ruins_grid_1,
          column_ruins_grid_1, column_ruins_open_medium, column_ruins_grid_3,
          serial_bayou_crossing
D:5:      layout_rooms, mainiacjoe_overflow_alcove_2, temple_hall
D:6:      layout_basic, vehumet_altar_wand_db, nrook_mini_backslash,
          minmay_crossroads
D:7:      layout_basic, mainiacjoe_overflow_brackets, uniq_maggie,
          uniq_jeremiah, uniq_prince_ribbit1
D:8:      layout_loops_ring, mainiacjoe_overflow_two_lobes, patterned_corridor
Temple:   jpeg_temple_clearing

Notes
Turn   | Place    | Note
-------+----------+-------------------------------------------
     0 | D:1      | ytrimaz the Octopode Shapeshifter began the quest for the
                  | Orb.
     0 | D:1      | Reached XP level 1. HP: 13/13 MP: 1/1
     0 | D:1      | magus.rc [v1.9.6]
   247 | D:1      | Reached XP level 2. HP: 18/18 MP: 2/2
   488 | D:1      | Found a faded altar of an unknown god.
   505 | D:1      | Reached XP level 3. HP: 23/23 MP: 3/3
  1168 | D:2      | Reached XP level 4. HP: 26/28 MP: 4/4
  1541 | D:3      | Noticed Sigmund
  1559 | D:3      | Killed Sigmund
  1560 | D:3      | Reached skill level 3 in Dodging
  1560 | D:3      | Reached skill level 4 in Unarmed Combat
  1560 | D:3      | Reached skill level 4 in Shapeshifting
  1560 | D:3      | Reached XP level 5. HP: 33/33 MP: 5/5
  1560 | D:3      | Reached XP level 6. HP: 38/38 MP: 6/6
  1782 | D:3      | Found a glowing drain.
  1784 | D:3      | Noticed a sky beast
  1796 | D:3      | Killed a sky beast
  1816 | Sewer    | Entered a sewer
  1907 | Sewer    | Found a burning altar of Makhleb.
  1927 | Sewer    | Reached skill level 5 in Shapeshifting
  1954 | Sewer    | Reached XP level 7. HP: 30/43 MP: 7/7
  2035 | Sewer    | Reached skill level 4 in Dodging
  2081 | Sewer    | Noticed Grinder
  2100 | Sewer    | Killed Grinder
  2101 | Sewer    | Reached skill level 5 in Unarmed Combat
  2459 | D:3      | Noticed Terence
  2468 | D:3      | Killed Terence
  2711 | D:4      | Reached skill level 6 in Shapeshifting
  2711 | D:4      | Reached XP level 8. HP: 44/48 MP: 8/8
  2866 | D:4      | You pick up a book of Minor Magic and begin reading...
  2866 | D:4      | You add the spells Magic Dart, Call Imp and Mephitic Cloud
                  | to your library.
  3120 | D:5      | Entered Level 5 of the Dungeon
  3133 | D:5      | Found a staircase to the Ecumenical Temple.
  3143 | D:5      | Reached skill level 5 in Dodging
  3152 | Temple   | Entered the Ecumenical Temple
  3212 | Temple   | Became a worshipper of Ashenzari the Shackled
  3295 | D:5      | Found a hide-covered altar of Uskayaw.
  3723 | D:6      | You pick up a book of Vapours and begin reading...
  3723 | D:6      | You add the spells Poisonous Vapours and Freezing Cloud to
                  | your library.
  3729 | D:6      | You add the spells Wereblood, Silence and Eringya's Noxious
                  | Bog to your library.
  3729 | D:6      | Got the Octavo of Twinkling Transformation
  3776 | D:6      | Reached skill level 6 in Unarmed Combat
  3776 | D:6      | Reached skill level 7 in Shapeshifting
  3942 | D:6      | Found a radiant altar of Vehumet.
  3964 | D:6      | Reached XP level 9. HP: 52/53 MP: 9/9
  4357 | D:6      | Reached skill level 6 in Dodging
  5093 | D:7      | Found a hazy altar of Hepliaklqana.
  5096 | D:7      | Noticed Jeremiah
  5106 | D:7      | HP: 9/53 [Jeremiah/+4 vampiric glaive (15)]
  5437 | D:7      | Killed Jeremiah
  5438 | D:7      | Reached skill level 8 in Shapeshifting
  5547 | D:7      | Reached skill level 7 in Unarmed Combat
  5700 | D:7      | Identified the +1 plate armour of the Ward {Str+3}
  5784 | D:7      | Noticed Maggie
  5800 | D:7      | Killed Maggie
  5805 | D:7      | Reached skill level 7 in Dodging
  5870 | D:7      | Identified the +7 chain mail "Jeawna" {rElec rN+}
  5901 | D:7      | Noticed Prince Ribbit
  5907 | D:7      | Killed Prince Ribbit
  5908 | D:7      | Reached XP level 10. HP: 52/58 MP: 10/10
  6050 | D:8      | Reached skill level 9 in Shapeshifting
  6430 | D:8      | Identified the +9 hand axe of the Dwarven Hall {vamp,
                  | Will++}
  6822 | D:8      | Reached skill level 8 in Unarmed Combat
  7074 | D:8      | Paralysed by a hornet for 3 turns
  7076 | D:8      | HP: 11/58 [hornet (13)]
  7077 | D:8      | Slain by a hornet

Vanquished Creatures
  Jeremiah (D:7)
  Maggie (D:7)
  Grinder (Sewer)
  Prince Ribbit (D:7)
  Sigmund (D:3)
  2 black bears
  3 orc warriors
  An ice beast (D:7)
  5 sky beasts
  A centaur (D:5)
  A phantom (D:5)
  2 kobold brigands
  7 bullfrogs
  4 scorpions
  4 wights (D:8)
  3 killer bees (D:8)
  2 quasits (Sewer)
  2 orc priests
  4 hounds
  Terence (D:3)
  2 iguanas
  11 orc wizards
  8 adders
  2 shadow imps (Sewer)
  A white imp (D:6)
  3 ufetubi
  2 worms
  2 dart slugs (D:1)
  30 orcs
  5 endoplasms
  5 giant cockroaches
  7 goblins
  7 hobgoblins
  2 jackals (D:1)
  3 quokkas
  13 ball pythons
  5 bats
  2 frilled lizards (D:3)
  23 kobolds
  A kobold zombie (Sewer)
  6 rats
187 creatures vanquished.

Vanquished Creatures (others)
  A kobold zombie (Sewer)
1 creature vanquished.

Grand Total: 188 creatures vanquished

Table legend:
 A = Non-vault XP
 B = Vault XP
 C = Vault XP percentage of total XP
 D = Non-vault monster count
 E = Vault monster count
 F = Vault count percentage of total count
                 A         B        C        D         E       F
            +---------+---------+-------+---------+---------+-------
      Total |    4085 |    2049 |  33.4 |     153 |      34 |  18.2
            +---------+---------+-------+---------+---------+-------
        D:1 |      60 |       0 |   0.0 |      34 |       0 |   0.0
        D:2 |      50 |       0 |   0.0 |      15 |       0 |   0.0
        D:3 |     162 |     280 |  63.3 |      13 |       6 |  31.6
        D:4 |     284 |       0 |   0.0 |      12 |       0 |   0.0
        D:5 |     645 |       0 |   0.0 |      18 |       0 |   0.0
        D:6 |     736 |     128 |  14.8 |      19 |       2 |   9.5
        D:7 |     908 |    1127 |  55.4 |      15 |       3 |  16.7
        D:8 |    1240 |       0 |   0.0 |      27 |       0 |   0.0
      Sewer |       0 |     514 | 100.0 |       0 |      23 | 100.0
            +---------+---------+-------+---------+---------+-------

Skill      XL: |  1  2  3  4  5  6  7  8  9 10 |
---------------+-------------------------------+-----
Dodging        | 3 4 5 7 |  7.6
Unarmed Combat | 4 5 6 7 8 |  8.0
Shapeshifting  | 4 5 6 7 8 9 |  9.3
Fighting       | |  1.0

Action                     |  1- 3 |  4- 6 |  7- 9 | 10-12 || total
---------------------------+-------+-------+-------+-------++-------
  Melee: Unarmed           |    75 |    86 |   257 |    71 ||   489
         Tentacles         |    12 |    12 |    54 |    12 ||    90
         Constrict         |    20 |    16 |    50 |    15 ||   101
         Punch             |     1 |     3 |    10 |       ||    14
 Invoke: Curse Item        |       |       |     1 |       ||     1
  Evoke: Wand              |       |       |    13 |       ||    13
    Use: Potion            |       |     2 |     2 |     2 ||     6
         Scroll            |       |     1 |    10 |       ||    11
   Stab: Sleeping          |    10 |    11 |     4 |     4 ||    29
         Distracted        |       |       |     1 |     1 ||     2
 Armour: Skin              |     2 |    28 |    66 |    12 ||   108
  Dodge: Dodged            |    37 |    94 |   206 |    53 ||   390

Illustrated notes

Table legend:
 A = Kills in this place as a percentage of kills in the entire game.
 B = Kills by you in this place as a percentage of kills by you in the entire game.
 C = Kills by friends in this place as a percentage of kills by friends in the entire game.
 D = Other kills in this place as a percentage of other kills in the entire game.
 E = Experience gained in this place as a percentage of experience gained in the entire game.
 F = Experience gained in this place divided by the number of levels of this place that you have seen.
                   A       B       C       D       E      F
               +-------+-------+-------+-------+-------+----------------------
         Total | 100.0 | 100.0 |   N/A |   N/A | 100.0 | 613.4
       Dungeon |  87.7 |  87.7 |   N/A |   N/A |  91.6 | 702.5
         Sewer |  12.3 |  12.3 |   N/A |   N/A |   8.4 | 514.0
               +-------+-------+-------+-------+-------+----------------------

Table legend: (Time is in decaauts)
 A = Elapsed time spent in this place.
 B = Non-inter-level travel time spent in this place.
 C = Inter-level travel time spent in this place.
 D = Time resting spent in this place.
 E = Time spent auto-exploring this place.
 F = Levels seen in this place.
 G = Mean time per level.
                   A        B        C        D        E       F      G
               +--------+--------+--------+--------+--------+-----+--------+
         Total |   7020 |   6859 |    161 |    287 |   5173 |  10 |  702.0 |
       Dungeon |   6553 |   6438 |    115 |    284 |   4916 |   8 |  819.1 |
        Temple |     84 |     38 |     46 |      0 |     33 |   1 |   84.0 |
         Sewer |    382 |    382 |      0 |      3 |    224 |   1 |  382.0 |
               +--------+--------+--------+--------+--------+-----+--------+

Top non-repeatable levels by time:
     D:6: 1280 daAuts
     D:8: 1057 daAuts
     D:1: 1008 daAuts
     D:7: 984 daAuts
     D:3: 703 daAuts
     D:4: 517 daAuts
     D:5: 511 daAuts
     D:2: 489 daAuts
   Sewer: 382 daAuts
  Temple: 84 daAuts
